 Dungeon Crawl Stone Soup version 0.30-a0-760-g5a9884bb7c (webtiles) character file.

Game seed: 15554726857849178713

10070 cforsyth the Convoker (level 11, -3/54 HPs)
             Began as a Tengu Summoner on Feb 11, 2023.
             Was an Initiate of Gozag.
             Slain by a gnoll sergeant
             ... wielding a +0 halberd of flaming
              (31 damage)
             ... in a bailey.
             The game lasted 00:39:03 (11891 turns).

cforsyth the Convoker (Tengu Summoner)             Turns: 11891, Time: 00:39:03

Health: -3/54      AC:  7    Str: 16    XL:     11   Next: 56%
Magic:  2/27       EV: 14    Int: 20    God:    Gozag
Gold:   1249       SH:  0    Dex: 15    Spells: 20/33 levels left

rFire   . . .      SeeInvis .    (no weapon)
rCold   + . .      Faith    .    (no shield)
rNeg    . . .      Spirit   .    a - +1 robe of Recklessness {rC+}
rPois   +          Reflect  .    x - +2 hat
rElec   .          Harm     .    (no cloak)
rCorr   .          Rampage  .    i - +1 pair of gloves "Ehac" {Drain rPois Str+2}
Will    .....                    (boots unavailable)
Stlth   ++                       (no amulet)
HPRegen 0.29/turn                m - +6 ring of strength
MPRegen 0.20/turn                (no ring)

@: flying quickly and evasively, quick
A: beak, talons 3, nimble flight
a: Renounce Religion, Potion Petition, Call Merchant, Bribe Branch


You were in a bailey.
You worshipped Gozag.
Gozag was most pleased with you.
You visited 2 branches of the dungeon, and saw 10 of its levels.
You also visited: Bailey.

You collected 1473 gold pieces.
You spent 142 gold pieces at shops.
You paid 82 gold pieces to Gozag.

Inventory:

Hand Weapons
 d - the +0 quarterstaff "Moyclasch" {protect, rC+ rN++ Int-3 SInv}
   (You took it off a deep elf pyromancer on level 6 of the Dungeon)

   Int:       It affects your intelligence (-3).
   rC:        It protects you from cold.
   rN:        It greatly protects you from negative energy.
   SInv:      It lets you see invisible.
Missiles
 r - 4 throwing nets
Armour
 a - the +1 robe of Recklessness (worn) {rC+}
   (You found it on level 6 of the Dungeon)

   rC:        It protects you from cold.
 i - the +1 pair of gloves "Ehac" (worn) {Drain rPois Str+2}
   (You found it on level 2 of the Dungeon)

   Str:       It affects your strength (+2).
   rPois:     It protects you from poison.
   Drain:     It drains your maximum health when unequipped.
 x - a +2 hat (worn)
Jewellery
 m - a +6 ring of strength (left hand)
Wands
 y - a wand of flame (10)
 B - a wand of digging (4)
Scrolls
 c - 2 scrolls of immolation
 e - 2 scrolls of vulnerability
 f - 13 scrolls of identify {unknown}
 h - a scroll of noise
 p - a scroll of silence {unknown}
 v - a scroll of fear
 w - a scroll of enchant weapon
 z - 2 scrolls of teleportation
Potions
 b - a potion of magic
 g - a potion of invisibility {unknown}
 j - 4 potions of curing {unknown}
 k - 2 potions of ambrosia {unknown}
 l - a potion of cancellation {unknown}
 n - a potion of heal wounds {unknown}
 o - 3 potions of attraction {unknown}
 q - 2 potions of haste {unknown}
 s - 2 potions of berserk rage
 t - a potion of lignification {unknown}
 u - 3 potions of mutation {unknown}
 A - 2 potions of brilliance {unknown}


   Skills:
 - Level 2.1 Dodging
 - Level 2.0 Stealth
 + Level 11.8 Spellcasting
 + Level 15.5 Summonings


You had 20 spell levels left.
You knew the following spells:

 Your Spells              Type           Power      Damage    Failure   Level
a - Summon Small Mammal   Summ           100%       N/A       0%          1
b - Call Imp              Summ           65%        N/A       0%          2
c - Call Canine Familiar  Summ           65%        N/A       1%          3
d - Summon Guardian Gole  Hex/Summ       42%        N/A       1%          3
e - Summon Lightning Spi  Summ/Air       42%        N/A       2%          4

Your spell library contained the following spells:

 Spells                   Type           Power      Damage    Failure   Level
 Summon Ice Beast         Ice/Summ       42%        N/A       2%          4
 Apportation              Tloc           22%        N/A       6%          1
 Foxfire                  Conj/Fire      44%        2x1d6     6%          1
 Freeze                   Ice            44%        1d6       6%          1
 Magic Dart               Conj           44%        1d5       6%          1
 Necrotise                Necr           44%        1d6       6%          1
 Cigotuvi's Dreadful Rot  Necr/Pois/Air  22%        N/A       9%          2
 Frozen Ramparts          Ice            22%        1d4       17%         3
 Gell's Gravitas          Tloc           11%        N/A       17%         3
 Hailstorm                Conj/Ice       11%        3d5       17%         3
 Mephitic Cloud           Conj/Pois/Air  11%        N/A       17%         3
 Teleport Other           Tloc           11%        N/A       17%         3
 Vhi's Electric Charge    Tloc/Air       22%        N/A       17%         3
 Airstrike                Air            5%         2d(1-17)  50%         4
 Dispel Undead            Necr           11%        3d9       50%         4
 Ice Form                 Ice/Tmut       11%        N/A       50%         4
 Arcjolt                  Conj/Air       5%         1d15      85%         5
 Fireball                 Conj/Fire      5%         3d5       85%         5
 Lightning Bolt           Conj/Air       5%         1d17      85%         5
 Yara's Violent Unravell  Hex/Tmut       5%         3d4       85%         5
 Death Channel            Necr           5%         N/A       100%        6
 Dispersal                Tloc           5%         N/A       100%        6
 Eringya's Noxious Bog    Tmut/Pois      5%         N/A       100%        6
 Starburst                Conj/Fire      5%         6d4       100%        6
 Maxwell's Capacitive Co  Air            5%         ∞         100%        8


Dungeon Overview and Level Annotations

Branches:
Dungeon (9/15)             Temple (1/1) D:5             Orc (0/2) D:9
 Bailey (1/1)
   Lair: D:8-11

Altars:
Ashenzari
Cheibriados
Dithmenos
Elyvilon
Fedhas
Gozag
Kikubaaqudgha
Makhleb
Okawaru
Qazlal
Ru
Sif Muna
Trog
Uskayaw
Vehumet
Wu Jian
Xom
Yredelemnul
Zin
The Shining One

Shops:
D:2 [

Annotations:
D:9 1 transporter


Innate Abilities, Weirdness & Mutations

You have a beak for a mouth.
You have claws for feet.
Your magical nature lets you fly swiftly and evasively.


Message History

Orders for allies: a - Attack new target. p - Attack previous target. r - Retreat! s - Stop attacking. g - Guard the area. f - Follow me.
Anything else - Cancel.
Gang up on whom?
Press: ? - help, Dir - move target, f/p - gnoll sergeant
Aim: a gnoll sergeant, wielding a +0 halberd of flaming, wearing a +0 plate armour and wearing the necklace of Bloodlust {Fury *Rage Will++ Int-3 Slay+6} (almost dead, berserk, not watching you, ally target) Attack!
The gnoll sergeant hits your lightning spire with a +0 halberd of flaming!
The gnoll sergeant burns your lightning spire.
What are your orders? t - Shout!
Orders for allies: a - Attack new target. p - Attack previous target. r - Retreat! s - Stop attacking. g - Guard the area. f - Follow me.
Anything else - Cancel.
Gang up on whom?
Press: ? - help, Dir - move target, f/p - gnoll sergeant
Aim: a gnoll sergeant, wielding a +0 halberd of flaming, wearing a +0 plate armour and wearing the necklace of Bloodlust {Fury *Rage Will++ Int-3 Slay+6} (almost dead, berserk, not watching you, ally target) Attack!
The gnoll sergeant barely misses your lightning spire.
The gnoll sergeant hits your lightning spire with a +0 halberd of flaming!!
Your lightning spire is destroyed!
Your lightning spire disappears in a puff of smoke!
Aiming: Throw Flame
Press: ? - help, Shift-Dir - straight line, f/p - gnoll sergeant
Aim: a gnoll sergeant, wielding a +0 halberd of flaming, wearing a +0 plate armour and wearing the necklace of Bloodlust {Fury *Rage Will++ Int-3 Slay+6} (almost dead, berserk, unaware, hasn't noticed you, 85% to hit)
The puff of flame hits the gnoll sergeant.
The gnoll sergeant is almost dead.
The gnoll sergeant shouts!
The gnoll sergeant barely misses you.
Aiming: Throw Flame
Press: ? - help, Shift-Dir - straight line, f/p - gnoll sergeant
Aim: a gnoll sergeant, wielding a +0 halberd of flaming, wearing a +0 plate armour and wearing the necklace of Bloodlust {Fury *Rage Will++ Int-3 Slay+6} (almost dead, berserk, 85% to hit)
The puff of flame hits the gnoll sergeant but does no damage.
The gnoll sergeant is almost dead.
The gnoll sergeant hits you from afar with a +0 halberd of flaming!!
Ouch! That really hurt!
You die...
Your body crumbles into a pile of gold.

♣♣♣♣ ♣≈≈≈≈ ♣♣≈≈...
♣.≈..# ♣♣.≈..#$
♣♣..≈..# ♣...≈..# ###
♣@..≈..# ...#
♣♣...≈..##### .....
#♣♣♣...g.).')$$#...$..
#∩..∩.)...)))$$'...8..
#♣♣♣(.)....'$$$#...$..
♣♣...≈..######....g
♣♣..≈..# #...# ♣..≈..#
#### ♣..≈..#


You could see a gnoll sergeant (berserk).

Vanquished Creatures
  An ogre (D:7)
  An orc priest (Temple)
  2 adders
  An ufetubus (D:6)
  An orc (D:4)
  5 endoplasms
  3 giant cockroaches
  3 goblins
  3 hobgoblins
  A jackal (D:2)
  A quokka (D:3)
  3 ball pythons
  A bat (D:2)
  A frilled lizard (D:2)
  2 kobolds
  A rat (D:3)
30 creatures vanquished.

Vanquished Creatures (collateral kills)
  A two-headed ogre (D:7)
  A boulder beetle (D:6)
  Pikel (D:6)
  A deep elf pyromancer (D:6)
  An ugly thing (D:6)
  A cyclops (D:7)
  Maggie (D:6)
  Grinder (D:4)
  A vampire (D:7)
  A wraith (D:7)
  A wyvern (D:7)
  A steam dragon (D:8)
  Menkaure (D:4)
  A water moccasin (D:7)
  Edmund (D:6)
  Duvessa (D:5)
  2 ice beasts
  An orc warrior (D:7)
  2 sky beasts (D:7)
  2 ogres
  3 centaurs
  4 wolves (Bailey)
  3 phantoms
  A kobold brigand (D:8)
  4 lemures (D:6)
  8 necrophages
  4 gnoll sergeants
  4 bullfrogs (D:7)
  2 scorpions (D:7)
  8 wights
  Dowan (D:6)
  6 killer bees
  2 howler monkeys
  A crimson imp (D:7)
  6 gnoll boudas
  4 hounds
  3 orc priests
  5 jellies
  6 iguanas
  3 orc wizards
  22 gnolls
  6 adders
  A shadow imp (D:5)
  A white imp (D:7)
  2 ufetubi
  2 worms
  3 dart slugs
  16 orcs
  5 ball pythons
  6 endoplasms
  A giant cockroach (D:4)
  9 goblins
  2 hobgoblins
  2 jackals (D:1)
  5 quokkas
  A bat (D:2)
  2 frilled lizards
  5 kobolds
  2 rats (D:2)
194 creatures vanquished.

Vanquished Creatures (others)
  A two-headed ogre (D:7)
  4 gnoll sergeants (Bailey)
  6 killer bees
  A gnoll (Bailey)
12 creatures vanquished.

Grand Total: 236 creatures vanquished

Notes
Turn   | Place    | Note
-------+----------+-------------------------------------------
     0 | D:1      | cforsyth the Tengu Summoner began the quest for the Orb.
     0 | D:1      | Reached XP level 1. HP: 10/10 MP: 4/4
    66 | D:1      | Reached skill level 5 in Summonings
   145 | D:1      | Reached XP level 2. HP: 15/15 MP: 4/6
  1138 | D:2      | Identified the +1 pair of gloves "Ehac" {Drain rPois Str+2}
  1171 | D:2      | Reached XP level 3. HP: 19/19 MP: 6/8
  1384 | D:2      | Found Waif's Antique Armour Emporium.
  1428 | D:2      | Learned a level 2 spell: Call Imp
  1432 | D:2      | Learned a level 3 spell: Call Canine Familiar
  1459 | D:2      | Reached XP level 4. HP: 24/24 MP: 7/9
  1804 | D:2      | Reached skill level 6 in Summonings
  1927 | D:3      | Found a white marble altar of Elyvilon.
  2493 | D:4      | Gained mutation: Your magical nature lets you fly swiftly
                  | and evasively. [Tengu growth]
  2493 | D:4      | Reached XP level 5. HP: 28/28 MP: 7/11
  2503 | D:4      | Learned a level 3 spell: Summon Guardian Golem
  2628 | D:4      | Noticed Menkaure
  2647 | D:4      | Killed Menkaure
  2648 | D:4      | Reached skill level 7 in Summonings
  2648 | D:4      | Reached XP level 6. HP: 32/32 MP: 3/13
  3011 | D:4      | Noticed Grinder
  3040 | D:4      | Found a blossoming altar of Fedhas.
  3077 | D:4      | Killed Grinder
  3078 | D:4      | Reached skill level 5 in Spellcasting
  3078 | D:4      | Reached skill level 8 in Summonings
  3078 | D:4      | Reached XP level 7. HP: 25/36 MP: 0/15
  3529 | D:5      | Entered Level 5 of the Dungeon
  3884 | D:5      | Found a staircase to the Ecumenical Temple.
  3911 | Temple   | Entered the Ecumenical Temple
  4083 | Temple   | Became a worshipper of Gozag Ym Sagoz the Greedy
  4423 | D:5      | Reached XP level 8. HP: 41/41 MP: 8/18
  4556 | D:5      | Reached skill level 9 in Summonings
  4868 | D:2      | Bought a wizard robe for 142 gold pieces
  4868 | D:2      | Identified the +0 robe "Vyuclost" {Stlth+} (You bought it
                  | in a shop on level 2 of the Dungeon)
  4963 | D:6      | Noticed Pikel
  5324 | D:6      | Noticed Maggie
  5761 | D:6      | Noticed Dowan
  5767 | D:6      | Noticed Duvessa
  5769 | D:6      | Killed Dowan
  6043 | D:5      | Killed Duvessa
  6318 | D:6      | Killed Pikel
  6319 | D:6      | Reached skill level 10 in Summonings
  6319 | D:6      | Reached XP level 9. HP: 32/45 MP: 12/21
  6328 | D:6      | Learned a level 4 spell: Summon Lightning Spire
  6443 | D:6      | Identified the +1 robe of Recklessness {rC+}
  6640 | D:6      | Noticed Edmund
  6666 | D:6      | Killed Edmund
  6935 | D:6      | Killed Maggie
  6936 | D:6      | Reached skill level 11 in Summonings
  7145 | D:7      | Found a burning altar of Makhleb.
  7146 | D:7      | Found a basalt altar of Yredelemnul.
  7146 | D:7      | Found a stormy altar of Qazlal.
  7151 | D:7      | Noticed a two-headed ogre
  7225 | D:7      | Killed a two-headed ogre
  7226 | D:7      | Reached skill level 12 in Summonings
  7395 | D:7      | Reached XP level 10. HP: 50/50 MP: 18/24
  7435 | D:7      | Noticed a cyclops
  7464 | D:7      | Noticed a boulder beetle
  7468 | D:7      | HP: 2/50 [orc/+0 falchion (6)]
  7753 | D:7      | Noticed a purple ugly thing
  7814 | D:6      | Killed a purple ugly thing
  7815 | D:6      | Reached skill level 13 in Summonings
  8030 | D:7      | Identified the +0 quarterstaff "Moyclasch" {protect, rC+
                  | rN++ Int-3 SInv}
  8030 | D:7      | Noticed a deep elf pyromancer
  8178 | D:6      | Killed a deep elf pyromancer
  8179 | D:6      | Reached skill level 10 in Spellcasting
  8378 | D:6      | Killed a boulder beetle
  8633 | D:7      | Found an iron altar of Okawaru.
  8633 | D:7      | Found a bloodstained altar of Trog.
  8878 | D:7      | Reached skill level 14 in Summonings
  8934 | D:7      | Noticed a two-headed ogre
  8998 | D:7      | Killed a two-headed ogre
  8999 | D:7      | Reached XP level 11. HP: 24/54 MP: 5/26
  9004 | D:7      | Killed a cyclops
 10198 | D:8      | Reached skill level 15 in Summonings
 10718 | D:8      | Found a radiant altar of Vehumet.
 10727 | D:8      | Identified the +7 hand axe of the Puffball {freeze, rPois
                  | rF- Int+6}
 11136 | D:9      | Found a transporter.
 11181 | D:9      | Found a flagged portal.
 11192 | D:9      | Got the Exposition on Graupel and Teratogeny
 11242 | Bailey   | Entered a bailey
 11891 | Bailey   | Slain by a gnoll sergeant

Illustrated notes

Levels and vault maps discovered:
D:1:      roderic_dead_forest, layout_basic
D:2:      layout_rooms, serial_shops, shop, minmay_box_of_dots
D:3:      layout_rooms, mainiacjoe_overflow_catwalk
D:4:      layout_loops_ring, mainiacjoe_overflow_alcove_1, uniq_grinder,
          uniq_menkaure
D:5:      layout_rooms, minmay_temple_entry_arrows
D:6:      layout_loops_ring, uniq_pikel, uniq_edmund, uniq_duvessa, uniq_maggie
D:7:      minmay_the_grid_octo_tiled_squarecenter
          [minmay_the_grid_octo_odd_swirl, minmay_the_grid_octo_fat_diamond,
          minmay_the_grid_octo_pinwheel, minmay_the_grid_octo_horde,
          minmay_the_grid_square_5x5_megaprize_open,
          minmay_the_grid_square_5x5_sharp_hourglass,
          minmay_the_grid_square_5x5_bracketed,
          minmay_the_grid_square_5x5_spiral, minmay_the_grid_square_5x5_n],
          layout_cave_pools, grunt_temple_overflow_bloody_war,
          chequers_temple_overflow_statue_of_worship, minmay_fire_ice_demons
D:8:      layout_gridville, mainiacjoe_overflow_concentric_impassable
D:9:      layout_grid_maze, mainiacjoe_overflow_chevrons,
          minmay_orc_entry_guard_dogs, enter_bailey_5, nzn_ghost_randoct
Temple:   nicolae_temple_hex_pool
Bailey:   bailey_polearm_gnolls_kennysheep, bailey

Skill      XL: |  1  2  3  4  5  6  7  8  9 10 11 |
---------------+----------------------------------+-----
Summonings     | 5 6 7 8 10 12 14 15 | 15.5
Spellcasting   | 3 4 5 6 7 9 10 11 | 11.8
Dodging        | |  2.1
Stealth        | |  2.0

Action                     |  1- 3 |  4- 6 |  7- 9 | 10-12 || total
---------------------------+-------+-------+-------+-------++-------
  Melee: Unarmed           |    47 |    44 |    19 |    11 ||   121
         Kick              |    13 |    17 |     7 |     4 ||    41
         Peck              |     9 |     5 |     3 |     1 ||    18
   Cast: Summon Small Mamm |    43 |    12 |    86 |    62 ||   203
         Call Canine Famil |     1 |    18 |    48 |    43 ||   110
         Call Imp          |       |     3 |    43 |    33 ||    79
         Summon Lightning  |       |       |       |    34 ||    34
         Summon Guardian G |       |       |       |    25 ||    25
  Evoke: Wand              |       |       |       |     2 ||     2
    Use: Scroll            |       |       |     5 |     7 ||    12
   Stab: Sleeping          |     1 |     3 |       |       ||     4
         Distracted        |       |     1 |     1 |       ||     2
 Armour: Robe              |    15 |     9 |    11 |    34 ||    69
  Dodge: Dodged            |    57 |    36 |    60 |    83 ||   236

Table legend: (Time is in decaauts)
 A = Elapsed time spent in this place.
 B = Non-inter-level travel time spent in this place.
 C = Inter-level travel time spent in this place.
 D = Time resting spent in this place.
 E = Time spent auto-exploring this place.
 F = Levels seen in this place.
 G = Mean time per level.
                   A        B        C        D        E       F      G
               +--------+--------+--------+--------+--------+-----+--------+
         Total |  11524 |  11115 |    409 |   1586 |   6427 |  11 | 1047.6 |
       Dungeon |  10594 |  10194 |    400 |   1199 |   6184 |   9 | 1177.1 |
        Temple |    289 |    280 |      9 |     90 |    149 |   1 |  289.0 |
        Bailey |    641 |    641 |      0 |    297 |     93 |   1 |  641.0 |
               +--------+--------+--------+--------+--------+-----+--------+

Top non-repeatable levels by time:
     D:6: 2037 daAuts
     D:7: 1980 daAuts
     D:5: 1681 daAuts
     D:1: 1273 daAuts
     D:8: 1214 daAuts
     D:4: 946 daAuts
     D:2: 689 daAuts
     D:3: 669 daAuts
  Bailey: 641 daAuts
  Temple: 289 daAuts
     D:9: 102 daAuts
